 Dungeon Crawl Stone Soup version 0.18.1-48-g4cf74bf (webtiles) character file.

51 Gargoyl the Skirmisher (level 3, 0/29 HPs)
             Began as a Demonspawn Abyssal Knight on Sept 1, 2016.
             Was a Believer of Lugonu.
             Slain by Jessica
             ... wielding a +0 club
              (5 damage)
             ... on level 2 of the Dungeon.
             The game lasted 00:03:03 (1985 turns).

Gargoyl the Skirmisher (Demonspawn Abyssal Knight)  Turns: 1985, Time: 00:03:04

Health: 0/29       AC:  3    Str: 10 (13) XL:     3   Next: 58%
Magic:  4/4        EV:  8    Int: 12 (13) God:    Lugonu [**....]
Gold:   140        SH:  6    Dex:  9 (12) Spells: 0 memorised, 2 levels left

rFire  . . .     SeeInvis .     a - +1 hand axe
rCold  . . .     Gourm    .     b - +0 leather armour
rNeg   . . .     Faith    .     e - +0 shield
rPois  .         Spirit   .     (no helmet)
rElec  .         Dismiss  .     (no cloak)
rCorr  .         Reflect  .     (no gloves)
SustAt .         Harm     .     (no boots)
MR     .....                    (no amulet)
Stlth  +.........               (no ring)
                                (no ring)

@: slowed, very slow, not resistant to hostile enchantments, very unstealthy
A: powered by pain 1
a: Depart the Abyss, Bend Space, Renounce Religion


You were on level 2 of the Dungeon.
You worshipped Lugonu.
Lugonu was pleased with you.
You were hungry.

You visited 1 branch of the dungeon, and saw 2 of its levels.
You visited the Abyss 1 time.

You collected 140 gold pieces.

Inventory:

Hand Weapons
 a - a +1 hand axe (weapon)
Missiles
 o - 3 javelins (quivered)
Armour
 b - a +0 leather armour (worn)
 e - a +0 shield (worn)
Scrolls
 f - 3 scrolls of identify {unknown}
 l - a scroll of enchant weapon {unknown}
 m - a scroll of teleportation {unknown}
 n - a scroll of fear {unknown}
 p - a scroll of blinking {unknown}
 r - a scroll of recharging {unknown}
 s - a scroll of remove curse {unknown}
Potions
 d - a potion of degeneration
Books
 h - a book of the Dragon

   Spells                             Type                      Level
   a - Flame Tongue                   Conjuration/Fire             1
   b - Cause Fear                     Hexes                        4
   c - Bolt of Fire                   Conjuration/Fire             6
   d - Dragon Form                    Transmutation                7
   e - Dragon's Call                  Summoning                    9
Comestibles
 c - a bread ration
 g - a beef jerky
 j - a meat ration
 k - a slice of pizza


   Skills:
 + Level 3.6 Fighting
 + Level 2.0 Axes
 + Level 2.0 Armour
 + Level 1.6 Dodging
 + Level 0.4 Stealth
 + Level 0.8 Shields
 + Level 2.4 Invocations


You had 2 spell levels left.
You didn't know any spells.

Dungeon Overview and Level Annotations

Branches:
Dungeon (2/15)

Altars:
Jiyva

Annotations:
D:2 Jessica


Innate Abilities, Weirdness & Mutations

You sometimes gain a little power by taking damage.


Message History

You hit the bat but do no damage.
The bat is severely wounded.
You barely miss the jackal.
Jessica is no longer unusually agile.
The bat barely misses you.
The jackal bites you but does no damage.
Jessica barely misses you. The jackal misses you. Jessica hits you with a club.
* * * LOW HITPOINT WARNING * * *
The jackal barely misses you. Jessica hits you with a club.
* * * LOW HITPOINT WARNING * * *
A jackal comes into view.
Your shield and leather armour prevent you from hitting Jessica.
Jessica is heavily wounded.
The jackal barks!
You hit the jackal.
The jackal is moderately wounded.
You closely miss the bat.
The bat is severely wounded.
The bat hits you but does no damage. The jackal closely misses you.
Jessica hits you with a club.
You die...

#..........#
#..........# #
#.#........## #
#...........# ##
##........#.# #.
..#####..b.....#...
##.
.....h.........###.#
##..
...####h.†.....#
........ #.h@@....#
.#####. #).......#
#... #†##.##### #.##
#.#..# #.#. #...##
.###... ...#
#....... ....
####...# #.#.## #..#
.. .. .....#


You could see Jessica, 3 jackals and a bat.

Vanquished Creatures
  2 giant geckos
  2 giant cockroaches (D:1)
  2 goblins (D:1)
  6 hobgoblins
  10 jackals
  6 kobolds
  A quokka (D:2)
  2 ball pythons (D:1)
  8 bats
  A giant newt (D:1)
  6 rats
46 creatures vanquished.

Notes
Turn   | Place    | Note
--------------------------------------------------------------
     0 | Abyss:1  | Gargoyl the Demonspawn Abyssal Knight began the quest for the Orb.
     0 | Abyss:1  | Reached XP level 1. HP: 18/18 MP: 2/2
    52 | Abyss:1  | Found a corrupted altar of Lugonu.
   134 | Abyss:2  | Noticed a smoke demon
   141 | Abyss:2  | Noticed a thrashing horror
   141 | Abyss:2  | Noticed a thrashing horror
   142 | D:1      | Escaped the Abyss
   168 | D:1      | Reached * piety under Lugonu
   168 | D:1      | Reached skill level 1 in Dodging
   450 | D:1      | Gained mutation: You sometimes gain a little power by taking damage. [demonic ancestry]
   450 | D:1      | Reached XP level 2. HP: 8/24 MP: 3/3
   668 | D:1      | Found a viscous altar of Jiyva.
  1216 | D:1      | Reached XP level 3. HP: 25/29 MP: 4/4
  1629 | D:1      | Reached ** piety under Lugonu
  1948 | D:2      | Noticed Jessica
  1985 | D:2      | Slain by Jessica

Skill      XL: |  1  2 |
---------------+-------+-----
Dodging        | 1 |  1.6
Armour         | 2 |  2.0
Axes           | 2 |  2.0
Fighting       | |  3.6
Stealth        | |  0.4
Shields        | |  0.8
Invocations    | |  2.4

Action                   || total
-------------------------++-------
Melee: Hand axe          ||   178
Invok: Depart the Abyss  ||     1
  Use: Potion            ||     3
  Eat: Chunk             ||     3
Armor: Leather armour    ||    71
       Skin              ||    21
Dodge: Dodged            ||    81
Block: Shield            ||    89
